 Dungeon Crawl Stone Soup version 0.29.0-4-gdea44cf6ec (webtiles) character file.

Game seed: 8945989014084675114

101 qw the Chopper (level 4, 0/58 HPs)
             Began as a Minotaur Berserker on Sept 5, 2022.
             Was a Follower of Trog.
             Slain by an orc warrior
             ... wielding a +0 war axe
              (14 damage)
             ... on level 4 of the Dungeon.
             The game lasted 00:00:32 (1826 turns).

qw the Chopper (Minotaur Berserker)                 Turns: 1826, Time: 00:00:32

Health: 0/58       AC:  2    Str: 23    XL:     4   Next: 48%
Magic:  3/3        EV: 12    Int:  4    God:    Trog [*.....]
Gold:   91         SH:  0    Dex: 10    Spells: 3/3 levels left

rFire   . . .      SeeInvis .   Y - +0 hand axe
rCold   . . .      Faith    .   (no shield)
rNeg    . . .      Spirit   .   b - +0 animal skin
rPois   .          Reflect  .   (helmet restricted)
rElec   .          Harm     .   (no cloak)
rCorr   .          Rampage  .   (no gloves)
Will    .....                   (no boots)
Stlth   ..........              (no amulet)
HPRegen 0.19/turn               (no ring)
MPRegen 0.08/turn               (no ring)

@: berserking, lethally poisoned (0 -> -1), very quick
A: horns 2, retaliatory headbutt
a: Renounce Religion, Berserk


You were on level 4 of the Dungeon.
You worshipped Trog.
Trog was aware of your devotion.
You visited 1 branch of the dungeon, and saw 3 of its levels.

You collected 91 gold pieces.


Innate Abilities, Weirdness & Mutations

You have a pair of horns on your head.
You reflexively headbutt those who attack you in melee.


   Skills:
 - Level 3.6 Fighting
 + Level 6.4 Axes
 - Level 2.4 Armour
 - Level 2.1 Dodging


You had 3 spell levels left.
You didn't know any spells.
Your spell library was empty.

Inventory:

Hand Weapons
 c - a +0 mace
 Y - a +0 hand axe (weapon)
Missiles
 n - a boomerang (quivered)
Armour
 b - a +0 animal skin (worn)
 l - a +0 leather armour
Scrolls
 a - 2 scrolls of teleportation
 e - a scroll of butterflies {unknown}
 i - a scroll of magic mapping {unknown}
 j - a scroll of poison {unknown}
 k - a scroll of identify
 o - a scroll of blinking {unknown}
Potions
 d - 2 potions of heal wounds
 f - a potion of lignification {unknown}
 g - a potion of haste {unknown}
 h - a potion of magic {unknown}
 m - 2 potions of might {unknown}

Dungeon Overview and Level Annotations

Branches:
Dungeon (2/15)

Altars:


Message History

Press: ? - help, Q - select action Shift-Dir - straight line, f/p - adder You throw a boomerang.
The boomerang completely misses the adder.
An orc priest comes into view.
It is wielding a +0 hand axe of distortion.
The adder barely misses you. The adder bites you.
You are poisoned.
The adder poisons you!
Things that are here:
a +0 whip; a +0 chain mail
1821 ||| INVOKING Berserk.
You fail to use your ability.
You feel sick. The adder bites you.
1822 ||| INVOKING Berserk.
A red film seems to cover your vision as you go berserk!
You feel yourself moving faster!
You feel mighty!
You feel sick.
The orc warrior hits you with a +0 war axe!
The adder closely misses you.
You hit the orc warrior but do no damage.
You headbutt the orc warrior.
The orc warrior is lightly wounded.
You hit the adder.
You feel sick. The adder barely misses you.
The orc warrior hits you but does no damage.
You slash the adder!
You kill the adder!
Trog accepts your kill.
You hit the orc warrior but do no damage.
The orc warrior hits you with a +0 war axe!!
You barely miss the orc warrior. Your headbutt misses the orc warrior.
The orc warrior is lightly wounded.
You slash the orc priest!
You feel sick.
You barely miss the orc priest.
The orc priest is severely wounded.
You hit the orc warrior.
You feel sick.
The orc priest mumbles some strange prayers to Beogh against you.
You barely resist.
The orc warrior hits you with a +0 war axe!
You die...

####### ##.....## .#
##.......##.
#...........
#.........###
###...........
###...........####.
#o@.#..............
......o###.....))..#
....### #....)%...#
... #.........# .
#.........#
#.........#
##.......##
........##
####.#####


You could see an orc warrior and an orc priest.

Vanquished Creatures
  An orc priest (D:4)
  2 adders (D:4)
  A gnoll (D:1)
  A worm (D:2)
  4 dart slugs
  3 orcs (D:4)
  A bat (D:1)
  A goblin (D:2)
  6 hobgoblins
  2 quokkas (D:1)
  3 ball pythons
  2 frilled lizards
  2 kobolds
  3 rats
32 creatures vanquished.

Vanquished Creatures (others)
  2 plants (D:1)
2 creatures vanquished.

Grand Total: 34 creatures vanquished

Notes
Turn   | Place    | Note
-------+----------+-------------------------------------------
     0 | D:1      | qw the Minotaur Berserker began the quest for the Orb.
     0 | D:1      | Reached XP level 1. HP: 19/19 MP: 0/0
     0 | D:1      | 0 ||| qw: Version: 0.1-a-104-g96f76f8
     0 | D:1      | 0 ||| qw: Game counter: 5943
     0 | D:1      | 0 ||| qw: Always use a shield: true
     0 | D:1      | 0 ||| qw: Do Orc after D:15 true
     0 | D:1      | 0 ||| qw: Do second Lair branch before Depths: true
     0 | D:1      | 0 ||| qw: Lair rune preference: random
     0 | D:1      | 0 ||| qw: Plans: Normal
     0 | D:1      | 0 ||| PLANNING D:1-11
    17 | D:1      | Reached skill level 4 in Axes
    82 | D:1      | 82 ||| INVOKING Berserk.
    83 | D:1      | 83 ||| INVOKING Berserk.
    85 | D:1      | Reached XP level 2. HP: 26/26 MP: 1/1
   190 | D:1      | Found a faded altar of an unknown god.
   277 | D:1      | 277 ||| Stepping ~*~*~tactically~*~*~ (hiding).
   379 | D:1      | 379 ||| Stepping ~*~*~tactically~*~*~ (hiding).
   470 | D:1      | Reached skill level 5 in Axes
   549 | D:1      | Reached XP level 3. HP: 28/31 MP: 2/2
   773 | D:1      | 773 ||| DROPPING amulet of magic regeneration.
   774 | D:1      | 774 ||| READING 2 scrolls labelled JIYXKO HAYMUN.
   778 | D:1      | 778 ||| READING scroll labelled EDAORI GANAPS.
   779 | D:1      | 779 ||| READING scroll labelled POUBELATUN.
   780 | D:1      | 780 ||| DRINKING 3 silvery potions.
   934 | D:2      | 934 ||| INVOKING Berserk.
  1294 | D:2      | 1294 ||| INVOKING Berserk.
  1503 | D:2      | You fall into a shaft and drop 2 floors!
  1516 | D:4      | 1516 ||| INVOKING Berserk.
  1523 | D:4      | HP: 11/46 [poisoned by an adder]
  1524 | D:4      | HP: 2/46 [orc priest/nerve-wracking pain (9)]
  1526 | D:4      | Reached skill level 6 in Axes
  1526 | D:4      | Reached XP level 4. HP: 3/39 MP: 3/3
  1810 | D:4      | Noticed an orc warrior
  1811 | D:4      | 1811 ||| Stepping ~*~*~tactically~*~*~ (stealth).
  1821 | D:4      | 1821 ||| INVOKING Berserk.
  1822 | D:4      | 1822 ||| INVOKING Berserk.
  1826 | D:4      | HP: 14/58 [poisoned by an adder]
  1826 | D:4      | Slain by an orc warrior

Levels and vault maps discovered:
D:1:      minmay_arrival_plants_in_alcoves, layout_rooms,
          hellmonk_ecumenical_altar_lost_god, minmay_pentomino_z2
D:2:      minmay_alternating_diamond, layout_basic
D:4:      layout_rooms, minmay_temple_entry_mist, grunt_decor_resistance,
          lemuel_flame_loot_1, uniq_ijyb

Skill      XL: |  1  2  3 |
---------------+----------+-----
Axes           | 4 5 6 |  6.4
Fighting       | |  3.6
Armour         | |  2.4
Dodging        | |  2.1

Action                   |  1- 3 |  4- 6 || total
-------------------------+-------+-------++-------
Melee: Hand axe          |    57 |     7 ||    64
       Headbutt          |    10 |     4 ||    14
Throw: Boomerang         |       |     5 ||     5
Invok: Berserk           |     4 |     1 ||     5
  Use: Scroll            |     3 |       ||     3
       Potion            |     1 |       ||     1
Armor: Animal skin       |     4 |     1 ||     5
Dodge: Dodged            |    24 |     4 ||    28

Table legend:
 A = Non-vault XP
 B = Vault XP
 C = Vault XP percentage of total XP
 D = Non-vault monster count
 E = Vault monster count
 F = Vault count percentage of total count
                 A         B        C        D         E       F
            +---------+---------+-------+---------+---------+-------
      Total |     129 |      16 |  11.0 |      30 |       2 |   6.2
            +---------+---------+-------+---------+---------+-------
        D:1 |      30 |      16 |  34.8 |      14 |       2 |  12.5
        D:2 |      20 |       0 |   0.0 |      10 |       0 |   0.0
        D:4 |      79 |       0 |   0.0 |       6 |       0 |   0.0
            +---------+---------+-------+---------+---------+-------
